Panthers vs Flames

Created - 10 décembre 2017 at 20:10

Goals
1 2 3 T
Panthers 1 0 0 1
Flames 2 0 0 2
Shots
1 2 3 T
Panthers 7 11 5 23
Flames 7 7 9 23

1st period

1. Flames , Shane Doan 6 (Andrej Nestrasil 2, Jordan Martinook 7) at 1:47
2. Panthers , Jacob Trouba 8 (Logan Couture 26, Patrick Kane 21) at 10:38 (PP)
3. Flames , Justin Faulk 5 (James van Riemsdyk 8, Antoine Vermette 11) at 17:33 (PP)

Penalties :
Jaromir Jagr (CGY) for Hooking (Minor) at 3:41, Justin Faulk (CGY) for Holding (Minor) at 10:22, T.J. Brodie (FLA) for Slashing (Minor) at 17:01, Justin Faulk (CGY) for Hooking (Minor) at 18:52

2nd period

No Goal

Penalties :
Brady Skjei (CGY) for Delaying the game (Minor) at 16:59, David Perron (FLA) for Hooking (Minor) at 19:24

3rd period

No Goal

Penalties :
Patrik Laine (FLA) for Goalie Interference (Minor) at 2:30, James van Riemsdyk (CGY) for Elbowing (Minor) at 8:09, Justin Faulk (CGY) for Cross-checking (Minor) at 16:56

Goalie Stats

Marc-Andre Fleury (FLA), 21 saves from 23 shots - (0.913), L, 15-10-5, 59:54 minutes
Mike Smith (CGY), 22 saves from 23 shots - (0.957), W, 9-6-3, 60:00 minutes

Players Stats for Panthers

Player Name              G  A  P  +/- PIM S  H  SB GA TA FO     MP     PP MP  PK MP  
------------------------------------------------------------------------------------
Blake Wheeler            0  0  0  -1  0   3  2  0  0  0  1/1    18:50   4:44   1:02 
Brian Campbell           0  0  0   0  0   2  0  1  0  0  0/0    16:40   4:58   0:00 
Brooks Orpik             0  0  0   0  0   0  0  0  0  0  0/0    12:02   0:00   0:00 
Danny DeKeyser           0  0  0  -1  0   0  2  0  0  0  0/0    18:27   0:00   1:59 
David Perron             0  0  0   0  2   0  2  0  0  0  1/2    11:41   0:00   0:00 
Jacob Trouba             1  0  1   0  0   2  3  2  0  0  0/0    24:53   5:13   2:31 
Jesper Fast              0  0  0   0  0   0  0  0  0  0  0/0     9:34   0:00   3:28 
Joe Thornton             0  0  0  -1  0   1  0  0  0  0  8/17   18:11   4:44   0:00 
Jori Lehtera             0  0  0   0  0   2  0  0  0  0  3/5    11:42   0:00   0:00 
Justin Braun             0  0  0  -1  0   1  1  0  0  0  0/0    22:42   4:58   1:59 
Logan Couture            0  1  1   0  0   2  2  0  0  0  15/28  20:33   5:27   1:02 
Matthew Tkachuk          0  0  0   0  0   1  0  0  0  0  0/1    12:15   0:33   0:00 
Mikkel Boedker           0  0  0   0  0   0  0  0  0  0  1/1     6:06   0:00   0:00 
Nikolaj Ehlers           0  0  0   0  0   4  0  0  0  0  1/1    18:48   4:44   0:00 
Patrick Kane             0  1  1   0  0   1  0  0  0  0  1/1    19:54   5:27   0:00 
Patrik Laine             0  0  0  -1  2   1  2  0  0  0  0/0    18:20   4:54   0:00 
T.J. Brodie              0  0  0   0  2   3  0  1  0  0  0/0    25:15   5:13   2:31 
Tanner Kero              0  0  0   0  0   0  0  0  0  0  5/16    9:34   0:00   3:28 

Players Stats for Flames

Player Name              G  A  P  +/- PIM S  H  SB GA TA FO     MP     PP MP  PK MP  
------------------------------------------------------------------------------------
Alec Martinez            0  0  0   0  0   1  2  2  0  0  0/0    20:06   1:36   4:06 
Alexander Radulov        0  0  0   0  0   1  0  0  0  0  1/1     7:03   0:00   2:51 
Andrej Nestrasil         0  1  1   1  0   0  0  0  0  0  1/7    15:12   0:00   0:00 
Antoine Vermette         0  1  1   0  0   1  2  0  0  0  18/31  21:57   3:00   5:23 
Brady Skjei              0  0  0   1  2   1  1  1  0  0  0/0    13:51   0:00   0:09 
Brandon Sutter           0  0  0   0  0   3  0  0  0  0  12/22  20:09   1:30   3:22 
Cameron Gaunce           0  0  0   1  0   0  1  0  0  0  0/0    15:59   0:00   2:30 
Gabriel Bourque          0  0  0   0  0   0  0  0  0  0  0/1     5:18   0:00   1:09 
James van Riemsdyk       0  1  1   0  2   1  0  0  0  0  1/1    16:06   3:00   2:26 
Jared Spurgeon           0  0  0   0  0   0  2  3  0  0  0/0    20:17   1:36   4:06 
Jarome Iginla            0  0  0   0  0   0  0  0  0  0  0/2     1:16   0:00   0:00 
Jaromir Jagr             0  0  0   0  2   1  0  0  0  0  2/3    18:45   3:00   5:05 
John Carlson             0  0  0   0  0   3  0  4  0  0  0/0    26:11   2:54   6:05 
Jordan Martinook         0  1  1   1  0   0  2  0  0  0  0/0    15:18   0:00   0:06 
Justin Faulk             1  0  1   0  6   2  3  1  0  0  0/0    23:29   2:54   3:26 
Kyle Palmieri            0  0  0   0  0   2  3  1  0  0  0/2    16:47   1:30   0:00 
Shane Doan               1  0  1   1  0   1  1  0  0  0  0/1    15:12   0:00   0:00 
Viktor Arvidsson         0  0  0   0  0   6  1  0  0  0  2/2    16:47   1:30   0:00 

3 Stars

1 - Jacob Trouba (FLA)
2 - Shane Doan (CGY)
3 - Mike Smith (CGY)

Power Play

Panthers - 1 on 6 Attempt(s) - 16.67%
Flames - 1 on 3 Attempt(s) - 33.33%

Penalty Kill

Panthers - 2 on 3 Attempt(s) - 66.67% - Score 0 goal in Penalty Kill
Flames - 5 on 6 Attempt(s) - 83.33% - Score 0 goal in Penalty Kill

Team Stat

Panthers - Hits : 14 - Faceoff Wins : 36 - Blocked Shots : 4 - Penalty Minutes : 6
Flames - Hits : 18 - Faceoff Wins : 37 - Blocked Shots : 12 - Penalty Minutes : 12

Official

Referees : Greg Kimmerly and Francois StLaurent
Linesman : Brian Murphy and Scott Driscoll

Game Notes

No Game Note

Finance

Level 1 -- Attendance: 6212 (95.57%) -- Ticket Income 683 320 $
Level 2 -- Attendance: 4765 (95.30%) -- Ticket Income 276 370 $
Level 3 -- Attendance: 3297 (94.20%) -- Ticket Income 161 553 $
Level 4 -- Attendance: 2694 (81.91%) -- Ticket Income 78 126 $
Luxury Box -- Attendance: 952 (95.20%) -- Ticket Income 142 800 $
Game was played at the Scotiabank Saddledome.
Total Attendance: 17920 (92.90%)
Total Ticket Income: 1 342 169 $
Other Income: 201 325 $
Total Income: 1 543 494 $

% Time on Ice - Panthers

Lines # - Real PCT - Wanted PCT - Time Play
Normal Forward
1 - 31% - 40% - 14:04
2 - 29% - 30% - 13:04
3 - 26% - 20% - 11:42
4 - 14% - 10% - 6:06
Normal Defense
1 - 38% - 40% - 17:09
2 - 35% - 37% - 15:45
3 - 27% - 23% - 12:02
4 - 0% - 0% - 0:00
PP Forward
1 - 54% - 60% - 5:27
2 - 46% - 40% - 4:44
PP Defense
1 - 51% - 60% - 5:13
2 - 49% - 40% - 4:58
PK Forward
1 - 77% - 60% - 3:28
2 - 23% - 40% - 1:02
PK Defense
1 - 56% - 60% - 2:31
2 - 44% - 40% - 1:59
PK3 Forward
1 - 0% - 60%
2 - 0% - 40%
PK3 Defense
1 - 0% - 60%
2 - 0% - 40%
44 Forward
1 - 0% - 60%
2 - 0% - 40%
44 Defense
1 - 0% - 60%
2 - 0% - 40%
Last Minute Offensive  - 0:23
Last Minute Defensive  - 0:00
Total
Forward - 60:00
Defense - 60:00

% Time on Ice - Flames

Lines # - Real PCT - Wanted PCT - Time Play
Normal Forward
1 - 23% - 40% - 10:30
2 - 34% - 30% - 15:17
3 - 34% - 20% - 15:12
4 - 9% - 10% - 4:09
Normal Defense
1 - 36% - 40% - 16:15
2 - 32% - 30% - 14:24
3 - 30% - 20% - 13:32
4 - 2% - 10% - 0:57
PP Forward
1 - 67% - 60% - 3:00
2 - 33% - 40% - 1:30
PP Defense
1 - 64% - 60% - 2:54
2 - 36% - 40% - 1:36
PK Forward
1 - 70% - 60% - 7:05
2 - 30% - 40% - 3:06
PK Defense
1 - 66% - 60% - 6:43
2 - 34% - 40% - 3:28
PK3 Forward
1 - 0% - 60%
2 - 0% - 40%
PK3 Defense
1 - 0% - 60%
2 - 0% - 40%
44 Forward
1 - 0% - 60%
2 - 0% - 40%
44 Defense
1 - 0% - 60%
2 - 0% - 40%
Last Minute Offensive  - 0:00
Last Minute Defensive  - 0:11
Total
Forward - 60:00
Defense - 60:00

Play by Play

1st period


0:01 of 1st period - Antoine Vermette wins face-off versus Logan Couture in neutral zone.
0:09 of 1st period - Shot by Nikolaj Ehlers.
0:09 of 1st period - Shot Hit the Post.
0:11 of 1st period - Shot by Patrick Kane.
0:11 of 1st period - Deflect By Nikolaj Ehlers.
0:11 of 1st period - Shot Misses the Net.
0:21 of 1st period - Shot by Logan Couture.
0:21 of 1st period - Shot Misses the Net.
0:23 of 1st period - Shot by T.J. Brodie.
0:23 of 1st period - Stopped by Mike Smith without a rebound.
0:24 of 1st period - Brandon Sutter wins face-off versus Joe Thornton in Flames zone.
0:24 of 1st period - Brandon Sutter is hit by Patrik Laine.
0:27 of 1st period - Icing by Viktor Arvidsson.
0:28 of 1st period - Brandon Sutter wins face-off versus Jori Lehtera in Flames zone.
0:51 of 1st period - Shot by Matthew Tkachuk.
0:51 of 1st period - Shot Misses the Net.
1:45 of 1st period - Shot by Jordan Martinook.
1:45 of 1st period - Deflect By Andrej Nestrasil.
1:45 of 1st period - Shot Misses the Net.
1:47 of 1st period - Shot by Shane Doan.
1:47 of 1st period - Goal by Shane Doan - Panthers : 0 - Flames : 1.
1:48 of 1st period - Antoine Vermette wins face-off versus Logan Couture in neutral zone.
1:54 of 1st period - Icing by T.J. Brodie.
1:55 of 1st period - Logan Couture wins face-off versus Antoine Vermette in Panthers zone.
2:25 of 1st period - Off-side.
2:26 of 1st period - Mikkel Boedker wins face-off versus Andrej Nestrasil in neutral zone.
2:26 of 1st period - Jesper Fast is hit by Shane Doan and loses puck.
3:21 of 1st period - Cameron Gaunce is hit by Patrik Laine and loses puck.
3:41 of 1st period - Minor Penalty to Jaromir Jagr for Hooking.
3:42 of 1st period - Logan Couture wins face-off versus Antoine Vermette in Flames zone.
7:06 of 1st period - Jordan Martinook is hit by Jacob Trouba and loses puck.
7:21 of 1st period - Shot by Jaromir Jagr.
7:21 of 1st period - Shot Blocked by T.J. Brodie.
8:09 of 1st period - Shot by Logan Couture.
8:09 of 1st period - Stopped by Mike Smith with a rebound.
8:11 of 1st period - Shot by Brooks Orpik.
8:11 of 1st period - Deflect By Nikolaj Ehlers.
8:11 of 1st period - Shot Hit the Post.
8:58 of 1st period - Icing by Justin Braun.
8:59 of 1st period - Brandon Sutter wins face-off versus Joe Thornton in Panthers zone.
8:59 of 1st period - Kyle Palmieri is hit by Justin Braun and loses puck.
9:54 of 1st period - Shot by Alexander Radulov.
9:54 of 1st period - Stopped by Marc-Andre Fleury with a rebound.
10:16 of 1st period - Icing by Justin Faulk.
10:17 of 1st period - Logan Couture wins face-off versus Jarome Iginla in Flames zone.
10:22 of 1st period - Minor Penalty to Justin Faulk for Holding.
10:23 of 1st period - Antoine Vermette wins face-off versus Logan Couture in Flames zone.
10:36 of 1st period - Shot by Logan Couture.
10:36 of 1st period - Shot Misses the Net.
10:38 of 1st period - Shot by Jacob Trouba.
10:38 of 1st period - Goal by Jacob Trouba - Panthers : 1 - Flames : 1.
10:39 of 1st period - Brandon Sutter wins face-off versus Tanner Kero in neutral zone.
10:45 of 1st period - Tanner Kero is hit by Kyle Palmieri and loses puck.
10:50 of 1st period - Shot by Kyle Palmieri.
10:50 of 1st period - Stopped by Marc-Andre Fleury without a rebound.
10:51 of 1st period - Andrej Nestrasil wins face-off versus Logan Couture in Panthers zone.
11:22 of 1st period - Shot by Andrej Nestrasil.
11:22 of 1st period - Shot Misses the Net.
11:24 of 1st period - Shot by Alec Martinez.
11:24 of 1st period - Stopped by Marc-Andre Fleury without a rebound.
11:25 of 1st period - David Perron wins face-off versus Jaromir Jagr in Panthers zone.
11:43 of 1st period - Shot by Jori Lehtera.
11:43 of 1st period - Deflect By David Perron.
11:43 of 1st period - Shot Blocked by John Carlson.
11:53 of 1st period - Shot by David Perron.
11:53 of 1st period - Shot Blocked by Justin Faulk.
12:44 of 1st period - Joe Thornton is hit by Cameron Gaunce and loses puck.
13:02 of 1st period - Icing by T.J. Brodie.
13:03 of 1st period - Logan Couture wins face-off versus Andrej Nestrasil in Panthers zone.
13:12 of 1st period - Jared Spurgeon is hit by Logan Couture and loses puck.
14:51 of 1st period - Shot by Joe Thornton.
14:51 of 1st period - Stopped by Mike Smith without a rebound.
14:52 of 1st period - Viktor Arvidsson wins face-off versus Tanner Kero in Flames zone.
15:16 of 1st period - Shot by Viktor Arvidsson.
15:16 of 1st period - Shot Misses the Net.
15:18 of 1st period - Shot by Kyle Palmieri.
15:18 of 1st period - Stopped by Marc-Andre Fleury without a rebound.
15:19 of 1st period - Joe Thornton wins face-off versus Antoine Vermette in Panthers zone.
15:21 of 1st period - Icing by T.J. Brodie.
15:22 of 1st period - Antoine Vermette wins face-off versus Joe Thornton in Panthers zone.
16:05 of 1st period - Off-side.
16:06 of 1st period - Brandon Sutter wins face-off versus Logan Couture in neutral zone.
16:14 of 1st period - Icing by Logan Couture.
16:15 of 1st period - Logan Couture wins face-off versus Brandon Sutter in Panthers zone.
16:26 of 1st period - Shot by Logan Couture.
16:26 of 1st period - Shot Blocked by John Carlson.
16:34 of 1st period - Shot by Justin Faulk.
16:34 of 1st period - Stopped by Marc-Andre Fleury without a rebound.
16:35 of 1st period - Jori Lehtera wins face-off versus Andrej Nestrasil in Panthers zone.
16:35 of 1st period - David Perron is hit by Jordan Martinook and loses puck.
17:01 of 1st period - Minor Penalty to T.J. Brodie for Slashing.
17:02 of 1st period - Antoine Vermette wins face-off versus Tanner Kero in Panthers zone.
17:33 of 1st period - Shot by Justin Faulk.
17:33 of 1st period - Goal by Justin Faulk - Panthers : 1 - Flames : 2.
17:34 of 1st period - Logan Couture wins face-off versus Brandon Sutter in neutral zone.
17:36 of 1st period - Patrick Kane is hit by Alec Martinez and loses puck.
18:29 of 1st period - Icing by Brooks Orpik.
18:30 of 1st period - Antoine Vermette wins face-off versus Joe Thornton in Panthers zone.
18:52 of 1st period - Minor Penalty to Justin Faulk for Hooking.
18:53 of 1st period - Antoine Vermette wins face-off versus Logan Couture in Flames zone.
19:12 of 1st period - Shot by T.J. Brodie.
19:12 of 1st period - Stopped by Mike Smith without a rebound.
19:13 of 1st period - Blake Wheeler wins face-off versus Brandon Sutter in Flames zone.
19:18 of 1st period - Shot by Blake Wheeler.
19:18 of 1st period - Stopped by Mike Smith with a rebound.
19:20 of 1st period - Shot by Justin Braun.
19:20 of 1st period - Shot Misses the Net.
19:22 of 1st period - Shot by Brian Campbell.
19:22 of 1st period - Stopped by Mike Smith with a rebound.
19:42 of 1st period - Shot by Joe Thornton.
19:42 of 1st period - Shot Misses the Net.
Goals for this period are 1 for Panthers vs 2 for Flames.
Shots for this period are 7 for Panthers vs 7 for Flames.

2nd period


0:01 of 2nd period - Jaromir Jagr wins face-off versus Logan Couture in neutral zone.
0:32 of 2nd period - Shot by Jacob Trouba.
0:32 of 2nd period - Stopped by Mike Smith without a rebound.
0:33 of 2nd period - Antoine Vermette wins face-off versus Joe Thornton in Flames zone.
0:44 of 2nd period - Shot by Blake Wheeler.
0:44 of 2nd period - Deflect By Joe Thornton.
0:44 of 2nd period - Shot Misses the Net.
1:13 of 2nd period - Shot by Viktor Arvidsson.
1:13 of 2nd period - Shot Misses the Net.
1:15 of 2nd period - Shot by Brandon Sutter.
1:15 of 2nd period - Stopped by Marc-Andre Fleury without a rebound.
1:16 of 2nd period - Logan Couture wins face-off versus Andrej Nestrasil in Panthers zone.
2:58 of 2nd period - Icing by Jacob Trouba.
2:59 of 2nd period - Logan Couture wins face-off versus Brandon Sutter in Panthers zone.
4:20 of 2nd period - Shot by Matthew Tkachuk.
4:20 of 2nd period - Shot Misses the Net.
4:36 of 2nd period - Jared Spurgeon is hit by David Perron and loses puck.
4:46 of 2nd period - Jori Lehtera is hit by Jared Spurgeon and loses puck.
5:52 of 2nd period - Shot by Viktor Arvidsson.
5:52 of 2nd period - Stopped by Marc-Andre Fleury without a rebound.
5:53 of 2nd period - Brandon Sutter wins face-off versus David Perron in Panthers zone.
5:53 of 2nd period - Brandon Sutter is hit by Jacob Trouba.
6:01 of 2nd period - Shot by Kyle Palmieri.
6:01 of 2nd period - Shot Hit the Post.
6:31 of 2nd period - Shot by Viktor Arvidsson.
6:31 of 2nd period - Stopped by Marc-Andre Fleury without a rebound.
6:32 of 2nd period - Antoine Vermette wins face-off versus Tanner Kero in Panthers zone.
7:13 of 2nd period - Shot by Blake Wheeler.
7:13 of 2nd period - Stopped by Mike Smith without a rebound.
7:14 of 2nd period - Nikolaj Ehlers wins face-off versus Brandon Sutter in Flames zone.
7:14 of 2nd period - Nikolaj Ehlers is hit by Justin Faulk.
7:22 of 2nd period - Shot by Patrick Kane.
7:22 of 2nd period - Shot Misses the Net.
7:24 of 2nd period - Shot by Brian Campbell.
7:24 of 2nd period - Stopped by Mike Smith with a rebound.
7:48 of 2nd period - Shot by Nikolaj Ehlers.
7:48 of 2nd period - Shot Misses the Net.
7:57 of 2nd period - Brandon Sutter is hit by Jacob Trouba and loses puck.
9:00 of 2nd period - Shot by Matthew Tkachuk.
9:00 of 2nd period - Shot Misses the Net.
9:02 of 2nd period - Shot by Justin Braun.
9:02 of 2nd period - Shot Blocked by Jared Spurgeon.
9:22 of 2nd period - Jesper Fast is hit by Jordan Martinook and loses puck.
10:04 of 2nd period - Shot by Nikolaj Ehlers.
10:04 of 2nd period - Stopped by Mike Smith without a rebound.
10:05 of 2nd period - Joe Thornton wins face-off versus Antoine Vermette in Flames zone.
11:05 of 2nd period - Icing by John Carlson.
11:06 of 2nd period - Antoine Vermette wins face-off versus Matthew Tkachuk in Flames zone.
11:25 of 2nd period - David Perron is hit by Justin Faulk and loses puck.
11:32 of 2nd period - Shot by Jori Lehtera.
11:32 of 2nd period - Deflect By Matthew Tkachuk.
11:32 of 2nd period - Stopped by Mike Smith without a rebound.
11:33 of 2nd period - Brandon Sutter wins face-off versus Logan Couture in Flames zone.
11:51 of 2nd period - Shot by Kyle Palmieri.
11:51 of 2nd period - Shot Misses the Net.
12:03 of 2nd period - Shot by Brady Skjei.
12:03 of 2nd period - Stopped by Marc-Andre Fleury without a rebound.
12:04 of 2nd period - Joe Thornton wins face-off versus Jarome Iginla in Panthers zone.
12:29 of 2nd period - Shot by Patrik Laine.
12:29 of 2nd period - Stopped by Mike Smith without a rebound.
12:30 of 2nd period - Brandon Sutter wins face-off versus Jori Lehtera in Flames zone.
12:30 of 2nd period - Brandon Sutter is hit by David Perron.
12:56 of 2nd period - Shot by David Perron.
12:56 of 2nd period - Shot Blocked by Kyle Palmieri.
12:58 of 2nd period - Shot by Jori Lehtera.
12:58 of 2nd period - Stopped by Mike Smith with a rebound.
13:43 of 2nd period - Shot by Nikolaj Ehlers.
13:43 of 2nd period - Stopped by Mike Smith without a rebound.
13:44 of 2nd period - Antoine Vermette wins face-off versus Joe Thornton in Flames zone.
14:37 of 2nd period - Off-side.
14:38 of 2nd period - Logan Couture wins face-off versus Andrej Nestrasil in neutral zone.
15:13 of 2nd period - Shot by Patrick Kane.
15:13 of 2nd period - Stopped by Mike Smith without a rebound.
15:14 of 2nd period - Jori Lehtera wins face-off versus Gabriel Bourque in Flames zone.
15:22 of 2nd period - Icing by John Carlson.
15:23 of 2nd period - Antoine Vermette wins face-off versus Joe Thornton in Flames zone.
15:36 of 2nd period - Shot by Justin Faulk.
15:36 of 2nd period - Shot Misses the Net.
15:52 of 2nd period - Antoine Vermette is hit by Blake Wheeler and loses puck.
16:04 of 2nd period - Off-side.
16:05 of 2nd period - Logan Couture wins face-off versus Kyle Palmieri in neutral zone.
16:15 of 2nd period - Icing by Jared Spurgeon.
16:16 of 2nd period - Jori Lehtera wins face-off versus Brandon Sutter in Flames zone.
16:29 of 2nd period - Shot by Kyle Palmieri.
16:29 of 2nd period - Shot Misses the Net.
16:31 of 2nd period - Shot by Brandon Sutter.
16:31 of 2nd period - Stopped by Marc-Andre Fleury without a rebound.
16:32 of 2nd period - Logan Couture wins face-off versus Andrej Nestrasil in Panthers zone.
16:42 of 2nd period - Shot by Nikolaj Ehlers.
16:42 of 2nd period - Stopped by Mike Smith with a rebound.
16:59 of 2nd period - Minor Penalty to Brady Skjei for Delaying the game.
17:00 of 2nd period - Antoine Vermette wins face-off versus Joe Thornton in Flames zone.
17:00 of 2nd period - John Carlson is hit by Blake Wheeler and loses puck.
17:09 of 2nd period - Shot by Nikolaj Ehlers.
17:09 of 2nd period - Shot Misses the Net.
17:23 of 2nd period - Shot by Jaromir Jagr.
17:23 of 2nd period - Stopped by Marc-Andre Fleury without a rebound.
17:24 of 2nd period - Logan Couture wins face-off versus Antoine Vermette in Panthers zone.
17:24 of 2nd period - Logan Couture is hit by Antoine Vermette.
17:40 of 2nd period - Shot by Logan Couture.
17:40 of 2nd period - Stopped by Mike Smith without a rebound.
17:41 of 2nd period - James van Riemsdyk wins face-off versus Logan Couture in Flames zone.
17:41 of 2nd period - James van Riemsdyk is hit by Logan Couture.
18:35 of 2nd period - Shot by Nikolaj Ehlers.
18:35 of 2nd period - Deflect By Blake Wheeler.
18:35 of 2nd period - Shot Misses the Net.
18:37 of 2nd period - Shot by Justin Braun.
18:37 of 2nd period - Shot Blocked by Jared Spurgeon.
18:39 of 2nd period - Shot by Blake Wheeler.
18:39 of 2nd period - Shot Blocked by Alec Martinez.
19:24 of 2nd period - Minor Penalty to David Perron for Hooking.
19:25 of 2nd period - Tanner Kero wins face-off versus Brandon Sutter in Panthers zone.
19:25 of 2nd period - Tanner Kero is hit by Viktor Arvidsson.
19:32 of 2nd period - Shot by Justin Faulk.
19:32 of 2nd period - Shot Misses the Net.
19:34 of 2nd period - Shot by Justin Faulk.
19:34 of 2nd period - Shot Blocked by Jacob Trouba.
19:36 of 2nd period - Shot by Brandon Sutter.
19:36 of 2nd period - Stopped by Marc-Andre Fleury with a rebound.
19:38 of 2nd period - Shot by Viktor Arvidsson.
19:38 of 2nd period - Shot Misses the Net.
Goals for this period are 0 for Panthers vs 0 for Flames.
Shots for this period are 11 for Panthers vs 7 for Flames.

3rd period


0:01 of 3rd period - Tanner Kero wins face-off versus Antoine Vermette in neutral zone.
0:16 of 3rd period - Icing by Antoine Vermette.
0:17 of 3rd period - Tanner Kero wins face-off versus Antoine Vermette in Flames zone.
0:20 of 3rd period - Shot by Jesper Fast.
0:20 of 3rd period - Deflect By Tanner Kero.
0:20 of 3rd period - Shot Blocked by John Carlson.
0:30 of 3rd period - Shot by Justin Faulk.
0:30 of 3rd period - Shot Misses the Net.
0:32 of 3rd period - Shot by John Carlson.
0:32 of 3rd period - Stopped by Marc-Andre Fleury without a rebound.
0:33 of 3rd period - Brandon Sutter wins face-off versus Tanner Kero in Panthers zone.
1:00 of 3rd period - Shot by Viktor Arvidsson.
1:00 of 3rd period - Stopped by Marc-Andre Fleury without a rebound.
1:01 of 3rd period - Antoine Vermette wins face-off versus Logan Couture in Panthers zone.
1:53 of 3rd period - Matthew Tkachuk is hit by Brady Skjei and loses puck.
2:09 of 3rd period - Jordan Martinook is hit by Danny DeKeyser and loses puck.
2:30 of 3rd period - Minor Penalty to Patrik Laine for Goalie Interference.
2:31 of 3rd period - Jaromir Jagr wins face-off versus Tanner Kero in Panthers zone.
2:38 of 3rd period - Shot by Antoine Vermette.
2:38 of 3rd period - Stopped by Marc-Andre Fleury without a rebound.
2:39 of 3rd period - Tanner Kero wins face-off versus Antoine Vermette in Panthers zone.
2:48 of 3rd period - Shot by Justin Faulk.
2:48 of 3rd period - Shot Blocked by Jacob Trouba.
3:14 of 3rd period - Shot by John Carlson.
3:14 of 3rd period - Stopped by Marc-Andre Fleury without a rebound.
3:15 of 3rd period - Brandon Sutter wins face-off versus Tanner Kero in Panthers zone.
3:16 of 3rd period - Shot by Viktor Arvidsson.
3:16 of 3rd period - Stopped by Marc-Andre Fleury without a rebound.
3:17 of 3rd period - Brandon Sutter wins face-off versus Tanner Kero in Panthers zone.
3:26 of 3rd period - Shot by Viktor Arvidsson.
3:26 of 3rd period - Stopped by Marc-Andre Fleury without a rebound.
3:27 of 3rd period - Tanner Kero wins face-off versus Brandon Sutter in Panthers zone.
3:27 of 3rd period - Tanner Kero is hit by Kyle Palmieri.
3:38 of 3rd period - Off-side.
3:39 of 3rd period - Antoine Vermette wins face-off versus Tanner Kero in neutral zone.
5:02 of 3rd period - Shot by Jori Lehtera.
5:02 of 3rd period - Stopped by Mike Smith without a rebound.
5:03 of 3rd period - Logan Couture wins face-off versus Brandon Sutter in Flames zone.
5:10 of 3rd period - Shot by Patrick Kane.
5:10 of 3rd period - Shot Blocked by Brady Skjei.
5:18 of 3rd period - Shot by Brandon Sutter.
5:18 of 3rd period - Shot Misses the Net.
5:57 of 3rd period - Icing by Brady Skjei.
5:58 of 3rd period - Joe Thornton wins face-off versus Kyle Palmieri in Flames zone.
6:19 of 3rd period - Brady Skjei is hit by Danny DeKeyser and loses puck.
6:34 of 3rd period - Shot by Patrik Laine.
6:34 of 3rd period - Deflect By Blake Wheeler.
6:34 of 3rd period - Stopped by Mike Smith without a rebound.
6:35 of 3rd period - Antoine Vermette wins face-off versus Tanner Kero in Flames zone.
6:54 of 3rd period - Shot by James van Riemsdyk.
6:54 of 3rd period - Deflect By Jaromir Jagr.
6:54 of 3rd period - Shot Blocked by Brian Campbell.
6:56 of 3rd period - Shot by John Carlson.
6:56 of 3rd period - Shot Misses the Net.
6:58 of 3rd period - Shot by John Carlson.
6:58 of 3rd period - Stopped by Marc-Andre Fleury without a rebound.
6:59 of 3rd period - Patrick Kane wins face-off versus Shane Doan in Panthers zone.
7:05 of 3rd period - Patrick Kane is hit by Alec Martinez and loses puck.
7:52 of 3rd period - Shot by James van Riemsdyk.
7:52 of 3rd period - Stopped by Marc-Andre Fleury without a rebound.
7:53 of 3rd period - Antoine Vermette wins face-off versus Joe Thornton in Panthers zone.
8:09 of 3rd period - Minor Penalty to James van Riemsdyk for Elbowing.
8:10 of 3rd period - Joe Thornton wins face-off versus Antoine Vermette in Flames zone.
8:11 of 3rd period - Shot by Nikolaj Ehlers.
8:11 of 3rd period - Shot Misses the Net.
8:13 of 3rd period - Shot by Blake Wheeler.
8:13 of 3rd period - Deflect By Nikolaj Ehlers.
8:13 of 3rd period - Stopped by Mike Smith without a rebound.
8:14 of 3rd period - Logan Couture wins face-off versus Antoine Vermette in Flames zone.
8:33 of 3rd period - Shot by Patrik Laine.
8:33 of 3rd period - Shot Misses the Net.
8:35 of 3rd period - Shot by Justin Braun.
8:35 of 3rd period - Stopped by Mike Smith without a rebound.
8:36 of 3rd period - Joe Thornton wins face-off versus Antoine Vermette in Flames zone.
8:37 of 3rd period - Shot by Jacob Trouba.
8:37 of 3rd period - Shot Misses the Net.
9:03 of 3rd period - Shot by Nikolaj Ehlers.
9:03 of 3rd period - Shot Blocked by Jared Spurgeon.
9:05 of 3rd period - Shot by T.J. Brodie.
9:05 of 3rd period - Stopped by Mike Smith without a rebound.
9:06 of 3rd period - Alexander Radulov wins face-off versus Logan Couture in Flames zone.
9:48 of 3rd period - Icing by Justin Braun.
9:49 of 3rd period - Antoine Vermette wins face-off versus Logan Couture in Panthers zone.
10:08 of 3rd period - Shot by T.J. Brodie.
10:08 of 3rd period - Shot Blocked by Alec Martinez.
10:31 of 3rd period - Shot by Andrej Nestrasil.
10:31 of 3rd period - Shot Misses the Net.
10:33 of 3rd period - Shot by Brady Skjei.
10:33 of 3rd period - Shot Misses the Net.
10:35 of 3rd period - Shot by Andrej Nestrasil.
10:35 of 3rd period - Shot Misses the Net.
11:16 of 3rd period - Shot by Justin Faulk.
11:16 of 3rd period - Shot Misses the Net.
11:18 of 3rd period - Shot by Viktor Arvidsson.
11:18 of 3rd period - Shot Misses the Net.
14:12 of 3rd period - Shot by Viktor Arvidsson.
14:12 of 3rd period - Stopped by Marc-Andre Fleury without a rebound.
14:13 of 3rd period - Viktor Arvidsson wins face-off versus Tanner Kero in Panthers zone.
14:29 of 3rd period - Off-side.
14:30 of 3rd period - Brandon Sutter wins face-off versus Logan Couture in neutral zone.
14:33 of 3rd period - Brooks Orpik is hit by Kyle Palmieri and loses puck.
16:07 of 3rd period - Tanner Kero is hit by Antoine Vermette.
16:30 of 3rd period - Icing by Justin Braun.
16:31 of 3rd period - Joe Thornton wins face-off versus Brandon Sutter in Panthers zone.
16:50 of 3rd period - Shot by Patrik Laine.
16:50 of 3rd period - Shot Blocked by John Carlson.
16:52 of 3rd period - Shot by Justin Braun.
16:52 of 3rd period - Shot Misses the Net.
16:55 of 3rd period - Blake Wheeler is hit by Justin Faulk and loses puck.
16:56 of 3rd period - Minor Penalty to Justin Faulk for Cross-checking.
16:57 of 3rd period - Logan Couture wins face-off versus Antoine Vermette in Flames zone.
16:57 of 3rd period - Logan Couture is hit by Jared Spurgeon.
17:55 of 3rd period - Shot by Nikolaj Ehlers.
17:55 of 3rd period - Shot Misses the Net.
18:26 of 3rd period - Off-side.
18:27 of 3rd period - Joe Thornton wins face-off versus Antoine Vermette in neutral zone.
19:54 of 3rd period - Panthers, Marc-Andre Fleury is pulled from the net.
Goals for this period are 0 for Panthers vs 0 for Flames.
Shots for this period are 5 for Panthers vs 9 for Flames.